 Dungeon Crawl Stone Soup version 0.28.0-43-g3370ac3207 (webtiles) character file.

Game seed: 4310159704528585716

35 adizb the Shooter (level 3, -5/21 HPs)
             Began as a Deep Elf Hunter on Mar 6, 2022.
             Slain by an ogre
             ... wielding a +0 giant spiked club
              (14 damage)
             ... on level 2 of the Dungeon.
             The game lasted 00:07:01 (925 turns).

adizb the Shooter (Deep Elf Hunter)                  Turns: 925, Time: 00:07:02

Health: -5/21      AC:  8    Str:  9    XL:     3   Next: 17%
Magic:  0/5        EV:  4    Int: 15    God:
Gold:   56         SH:  0    Dex: 17    Spells: 2/2 levels left

rFire   . . .      SeeInvis .   a - +1 shortbow
rCold   . . .      Faith    .   (shield currently unavailable)
rNeg    . . .      Spirit   +   f - +0 chain mail
rPois   .          Reflect  .   (no helmet)
rElec   .          Harm     .   (no cloak)
rCorr   .          Rampage  .   (no gloves)
Will    .....                   (no boots)
Stlth   ..........              e - amulet of guardian spirit
HPRegen 0.07/turn               (no ring)
MPRegen 0.09/turn               (no ring)

@: attractive
A: no striking features
a: no special abilities


You were on level 2 of the Dungeon.
You visited 1 branch of the dungeon, and saw 2 of its levels.

You collected 56 gold pieces.

Inventory:

Hand Weapons
 a - a +1 shortbow (weapon)
 b - a +0 short sword
 j - a +2 falchion of protection
Missiles
 d - 5 arrows (quivered ammo)
 g - 21 bolts
Armour
 c - a +0 leather armour
 f - a +0 chain mail (worn)
 i - a +0 scale mail
Jewellery
 e - an amulet of guardian spirit (around neck)


   Skills:
 + Level 1.9 Fighting
 * Level 5.8 Bows
 + Level 0.5 Armour
 + Level 3.0 Dodging
 - Level 1.6 Stealth
 + Level 0.4 Spellcasting


You had 2 spell levels left.
You didn't know any spells.
Your spell library contained the following spells:

 Spells                   Type           Power      Damage    Failure   Level
 Foxfire                  Conj/Fire      0%         2x1d4     100%        1
 Static Discharge         Conj/Air       0%         N/A       100%        2
 Conjure Flame            Conj/Fire      0%         6-21      100%        3
 Inner Flame              Hex/Fire       0%         N/A       100%        3
 Flame Wave               Conj/Fire      0%         2d4       100%        4
 Lightning Bolt           Conj/Air       0%         1d11      100%        5
 Maxwell's Capacitive Co  Air            0%         ∞         100%        8


Dungeon Overview and Level Annotations

Branches:
Dungeon (2/15)

Altars:


Message History

Things that are here:
a +0 club; a goblin corpse
There is an open door here.
There is a large open door here.
There is a large open door here.
Found a There-And-Back Book.
A bat comes into view.
You shoot an arrow. The arrow hits the bat.
You kill the bat!
Your Dodging skill increases to level 3!
An ogre comes into view. It is wielding a +0 giant spiked club.
The ogre shouts!
You shoot an arrow. The arrow hits the ogre!
The ogre is moderately wounded.
You shoot an arrow. The arrow hits the ogre!
The ogre is heavily wounded.
A kobold comes into view. It is wielding a +0 short sword.
You shoot an arrow. The arrow hits the ogre.
The ogre is heavily wounded.
You shoot an arrow. The arrow barely misses the ogre.
The arrow closely misses the kobold.
Fire: 7 arrows
Press: ? - help, Q - select action Shift-Dir - straight line, f/p - ogre
Aim: an ogre, wielding a +0 giant spiked club (heavily wounded, 77% to hit)
You shoot an arrow.
The arrow hits the ogre but does no damage.
The ogre is heavily wounded.
Fire: 6 arrows
Press: ? - help, Q - select action Shift-Dir - straight line, f/p - ogre
Aim: an ogre, wielding a +0 giant spiked club (heavily wounded, 77% to hit)
You shoot an arrow. The arrow hits the ogre.
The ogre is severely wounded.
The ogre hits you with a +0 giant spiked club!
Ouch! That really hurt!
You aren't carrying any scrolls.
It was a potion of attraction.
You feel attractive to monsters.
The ogre hits you with a +0 giant spiked club!
Ouch! That really hurt!
You die...

..........# ###'#####
#. .......#..# #.# ##
...÷..÷'..# #.#
.......#..##
#.#######
##...###...#
#........ ###.# #.#.#
#........ #.# #.#.#
#........ #.#
#.#.#####.......( #.#
#........@.......
#.######.####O##.....
...........#K# #..
######...#.#.#
#...#.#(. #.#.#<#.##
#.#....(.....
#.#...#(#####
#.#...#(#


You could see an ogre and a kobold.

Vanquished Creatures
  2 ball pythons (D:1)
  4 endoplasms
  A giant cockroach (D:2)
  4 goblins
  5 hobgoblins (D:1)
  2 jackals (D:2)
  2 quokkas (D:1)
  3 bats
  3 frilled lizards (D:1)
  A kobold (D:1)
  4 rats (D:1)
31 creatures vanquished.

Notes
Turn   | Place    | Note
-------+----------+-------------------------------------------
     0 | D:1      | adizb the Deep Elf Hunter began the quest for the Orb.
     0 | D:1      | Reached XP level 1. HP: 12/12 MP: 3/3
    93 | D:1      | Found a faded altar of an unknown god.
   139 | D:1      | Reached XP level 2. HP: 17/17 MP: 4/4
   602 | D:2      | Reached XP level 3. HP: 21/21 MP: 5/5
   916 | D:2      | Noticed an ogre
   925 | D:2      | Slain by an ogre

Illustrated notes

Levels and vault maps discovered:
D:1:      ncdulo_wetmaze, layout_rooms, shapermc_ecumenical_altar_notcrosses,
          minmay_tripent
D:2:      layout_basic, minmay_misc_feat_hallway

Skill      XL: |  1  2  3 |
---------------+----------+-----
Dodging        | 3 |  3.0
Fighting       | |  1.9
Bows           | |  5.8
Armour         | |  0.5
Stealth        | |  1.6
Spellcasting   | |  0.4

Action                   || total
-------------------------++-------
Melee: Shortbow          ||     1
 Fire: Shortbow          ||    80
  Use: Potion            ||     1
Armor: Leather armour    ||     3
       Chain mail        ||     9
Dodge: Dodged            ||    10
